 Dungeon Crawl Stone Soup version 0.29.1-13-g9f3cf754e1 (webtiles) character file.

Game seed: 4414252866288455939

47 Descartes the Shield-Bearer (level 3, 0/29 HPs)
             Began as a Formicid Fighter on Feb 4, 2023.
             Slain by Sigmund
             ... wielding a +0 scythe
              (6 damage)
             ... on level 2 of the Dungeon.
             The game lasted 00:02:11 (1090 turns).

Descartes the Shield-Bearer (Formicid Fighter)      Turns: 1090, Time: 00:02:12

Health: 0/29       AC: 11    Str: 22    XL:     3   Next: 97%
Magic:  4/4        EV:  6    Int:  7    God:
Gold:   59         SH:  0    Dex: 13    Spells: 3/3 levels left

rFire   . . .      SeeInvis +   a - +0 war axe
rCold   . . .      Faith    .   c - +0 buckler
rNeg    . . .      Spirit   .   i - +0 plate armour
rPois   .          Reflect  .   (helmet unavailable)
rElec   .          Harm     .   (no cloak)
rCorr   .          Rampage  .   (no gloves)
Will    .....                   (no boots)
Stlth   ..........              (no amulet)
HPRegen 0.09/turn               (no ring)
MPRegen 0.09/turn               (no ring)

@: confused
A: permanent stasis, dig shafts and tunnels, antennae 3, four strong arms
a: Dig, Shaft Self


You were on level 2 of the Dungeon.
You visited 1 branch of the dungeon, and saw 2 of its levels.

You collected 59 gold pieces.

Inventory:

Hand Weapons
 a - a +0 war axe (weapon)
Missiles
 h - a throwing net
 k - 2 boomerangs
Armour
 b - a +0 scale mail
 c - a +0 buckler (worn)
 i - a +0 plate armour (worn)
Jewellery
 j - an amulet of regeneration
Scrolls
 e - a scroll of fear {unknown}
 f - a scroll of teleportation {unknown}
 g - a scroll of immolation {unknown}
 m - a scroll of identify {unknown}
 n - a scroll of vulnerability {unknown}
 o - a scroll of noise {unknown}
Potions
 d - a potion of might
 l - a potion of cancellation {unknown}
 p - a potion of magic {unknown}


   Skills:
 + Level 3.6 Fighting
 + Level 2.4 Axes
 + Level 3.6 Armour
 + Level 4.4 Shields
 + Level 0.9 Spellcasting
 + Level 1.3 Evocations


You had 3 spell levels left.
You didn't know any spells.
Your spell library was empty.

Dungeon Overview and Level Annotations

Branches:
Dungeon (2/15)

Altars:

Annotations:
D:2 Sigmund


Innate Abilities, Weirdness & Mutations

You cannot be hasted, slowed, berserked, paralysed or teleported.
You can dig through walls and to a lower floor.
You have a pair of large antennae on your head. (SInv)
Your four strong arms can wield two-handed weapons with a shield.


Message History

Sigmund gestures at you while chanting. You resist with some effort.
You hit Sigmund.
Sigmund is lightly wounded.
Sigmund hits you with a +0 scythe!
You closely miss Sigmund.
Sigmund is lightly wounded.
Sigmund hits you with a +0 scythe!
You are too injured to fight recklessly!
You are too injured to fight recklessly!
You are too injured to fight recklessly!
You are too injured to fight recklessly!
You are too injured to fight recklessly!
You are too injured to fight recklessly!
You are too injured to fight recklessly!
You are too injured to fight recklessly!
You are too injured to fight recklessly!
You are too injured to fight recklessly!
You are too injured to fight recklessly!
You are too injured to fight recklessly!
You are too injured to fight recklessly!
You are too injured to fight recklessly!
You are too injured to fight recklessly!
Sigmund attacks as you move away! Sigmund hits you with a +0 scythe.
* * * LOW HITPOINT WARNING * * *
Sigmund points at you and mumbles some strange words.
You are confused.
You see here a rat corpse.
Sigmund says, "Don't worry, I'll kill you fast."
Sigmund is suddenly surrounded by pale red light.
Sigmund casts a spell at you. The magic dart hits you.
* * * LOW HITPOINT WARNING * * *
Sigmund gestures at you while chanting.
You are more confused.
You bump into the rock wall.
Found a scroll labelled KIED HE GUFILL.
You bump into the rock wall.
Sigmund hits you from afar with a +0 scythe.
You die...

###......# #?~ ~≈P.#
#......# ~~~ ~..#
##..#### ~~ ~..#
#..# .....
#######..# .#..
.........# ..#
#######.## #.# #.# {
##@## #.#
##...########.#
##..@.......>..#
#.#.....##########
#......†##########
#...88............
#.....P.........####
#.#........####.# #
#.....88.# #


You could see Sigmund.

Vanquished Creatures
  An adder (D:2)
  A gnoll (D:1)
  A dart slug (D:1)
  3 bats
  4 endoplasms
  2 goblins (D:1)
  2 hobgoblins (D:1)
  3 jackals (D:1)
  A ball python zombie (D:2)
  2 frilled lizards (D:1)
  A giant cockroach zombie (D:2)
  5 rats
26 creatures vanquished.

Vanquished Creatures (others)
  2 withered plants (D:2)
2 creatures vanquished.

Grand Total: 28 creatures vanquished

Notes
Turn   | Place    | Note
-------+----------+-------------------------------------------
     0 | D:1      | Descartes the Formicid Fighter began the quest for the Orb.
     0 | D:1      | Reached XP level 1. HP: 18/18 MP: 1/1
   142 | D:1      | Reached XP level 2. HP: 21/24 MP: 2/2
   285 | D:1      | Found a faded altar of an unknown god.
   378 | D:1      | Reached skill level 1 in Evocations
   388 | D:1      | Reached XP level 3. HP: 29/29 MP: 3/3
  1074 | D:2      | Noticed Sigmund
  1090 | D:2      | Slain by Sigmund

Illustrated notes

Levels and vault maps discovered:
D:1:      onia_arrival_mini_spirals, layout_rooms, basic_ecumenical_altar
D:2:      layout_loops_ring, serial_undead, serial_undead_a, serial_undead_a,
          serial_undead_f, serial_undead_f, serial_undead_c, serial_undead_e,
          kennysheep_generic_room_5, uniq_sigmund, uniq_crazy_yiuf_cottage,
          uniq_robin

Skill      XL: |  1  2 |
---------------+-------+-----
Evocations     | 1 |  1.3
Fighting       | |  3.6
Axes           | |  2.4
Armour         | |  3.6
Shields        | |  4.4
Spellcasting   | |  0.9

Action                   || total
-------------------------++-------
Melee: War axe           ||    58
Armor: Scale mail        ||     9
       Plate armour      ||    40
Dodge: Dodged            ||    20
Block: Buckler           ||    17
